 Dungeon Crawl Stone Soup version 0.22.0-49-gab54619674 (webtiles) character file.

141 Woms the Ruffian (level 5, -3/53 HPs)
             Began as a Troll Fighter on Sept 3, 2018.
             Killed by nerve-wracking pain
             ... invoked by an orc priest
              (7 damage)
             ... on level 4 of the Dungeon on Sept 6, 2018.
             The game lasted 00:08:28 (1722 turns).

Woms the Ruffian (Troll Fighter)                    Turns: 1722, Time: 00:08:29

Health: -3/53      AC:  5    Str: 25    XL:     5   Next: 3%
Magic:  4/4        EV:  8    Int:  4    God:
Gold:   95         SH:  9    Dex: 11    Spells: 4/4 levels left

rFire    . . .     SeeInvis .     - Unarmed
rCold    . . .     Gourm    +   b - +0 shield
rNeg     + . .     Faith    .   a - +0 robe
rPois    .         Spirit   .   (helmet restricted)
rElec    .         Reflect  .   (no cloak)
rCorr    .         Harm     .   (gloves unavailable)
MR       .....                  (boots unavailable)
Stlth    +.........             (no amulet)
HPRegen  0.57/turn              m - +2 ring of dexterity
MPRegen  0.09/turn              p - ring of positive energy

@: no status effects
A: large, unfitting armour, claws 3, fast metabolism 3, gourmand, regeneration
1, shaggy fur 1, tough skin 2
a: no special abilities


You were on level 4 of the Dungeon.
You were very full.

You visited 1 branch of the dungeon, and saw 4 of its levels.

You collected 95 gold pieces.

Inventory:

Missiles
 e - 52 stones (quivered)
Armour
 a - a +0 robe (worn)
 b - a +0 shield (worn)
Jewellery
 m - a +2 ring of dexterity (left claw)
 p - a ring of positive energy (right claw)
Wands
 u - a wand of acid (5)
Scrolls
 g - a scroll of enchant armour {unknown}
 i - a scroll of fog {unknown}
 j - a scroll of random uselessness {unknown}
 l - 2 scrolls of identify {unknown}
 o - a scroll of enchant weapon {unknown}
 q - a scroll of amnesia {unknown}
 r - a scroll of teleportation {unknown}
 s - a scroll of blinking {unknown}
Potions
 c - a potion of might
 f - a potion of resistance {unknown}
 h - 2 potions of cancellation {unknown}
 k - a potion of haste {unknown}
 n - a potion of mutation {unknown}
 t - a potion of magic {unknown}
Comestibles
 d - 6 rations


   Skills:
 + Level 3.1 Fighting
 - Level 2.6 Dodging
 + Level 3.1 Shields
 * Level 3.9 Unarmed Combat


You had 4 spell levels left.
You didn't know any spells.
Your spell library was empty.

Dungeon Overview and Level Annotations

Branches:
Dungeon (4/15)
 Temple: D:4-7

Altars:


Innate Abilities, Weirdness & Mutations

You are too large for most types of armour.
You have claws for hands.
Your metabolism is lightning-fast.
You like to eat raw meat.
Your natural rate of healing is unusually fast.
You are covered in fur. (AC +1)
You have very tough skin. (AC +2)


Message History

The orc priest hits you with a flail! You block the frilled lizard's attack.
You block the orc priest's attack. The frilled lizard barely misses you.
The orc priest calls down the wrath of Beogh upon you.
Beogh smites you! The frilled lizard bites you.
You block the orc priest's attack. The frilled lizard barely misses you.
The orc priest closely misses you.
The frilled lizard bites you but does no damage.
The orc priest invokes the aid of Beogh against you.
Beogh smites you! The frilled lizard closely misses you.
You block the orc priest's attack.
The frilled lizard bites you but does no damage.
The frilled lizard closely misses you.
The orc priest calls down the wrath of Beogh upon you.
Beogh smites you!
* * * LOW HITPOINT WARNING * * *
The frilled lizard bites you but does no damage.
The orc priest calls down the wrath of Beogh upon you.
Pain shoots through your body!
You die...

# ###.# ###########....
#...........#
#...........#
...#####.$.........#####
..>...o@l...............
...#####.............).#
#............##.#
########.....# # #.###.#
#.....# #<.#### ##.#
...<....#


You could see an orc priest and a frilled lizard.

Vanquished Creatures
  Ijyb (D:3)
  Terence (D:3)
  2 adders (D:3)
  2 worms (D:2)
  A dart slug (D:1)
  An orc (D:3)
  2 giant cockroaches (D:3)
  3 goblins
  4 hobgoblins (D:1)
  13 jackals
  14 kobolds
  2 quokkas (D:2)
  A ball python (D:2)
  9 bats
  4 frilled lizards
  7 rats
67 creatures vanquished.

Notes
Turn   | Place    | Note
-------+----------+-------------------------------------------
     0 | D:1      | Woms the Troll Fighter began the quest for the Orb.
     0 | D:1      | Reached XP level 1. HP: 22/22 MP: 0/0
    68 | D:1      | Reached XP level 2. HP: 29/29 MP: 1/1
   506 | D:2      | Reached XP level 3. HP: 21/36 MP: 2/2
  1200 | D:3      | Noticed Terence
  1201 | D:3      | Reached XP level 4. HP: 44/44 MP: 3/3
  1208 | D:3      | Killed Terence
  1311 | D:3      | Found a faded altar of an unknown god.
  1382 | D:3      | Noticed Ijyb
  1394 | D:3      | Killed Ijyb
  1394 | D:3      | Reached XP level 5. HP: 53/53 MP: 4/4
  1722 | D:4      | Killed from afar by an orc priest

Skill      XL: |  1  2  3  4 |
---------------+-------------+-----
Unarmed Combat | 3 |  3.9
Shields        | 3 |  3.1
Fighting       | 3 |  3.1
Dodging        | |  2.6

Action                   |  1- 3 |  4- 6 || total
-------------------------+-------+-------++-------
Melee: Unarmed           |   165 |    37 ||   202
  Eat: Chunk             |    13 |     3 ||    16
       Ration            |     1 |       ||     1
Armor: Robe              |    62 |    21 ||    83
Dodge: Dodged            |    58 |    28 ||    86
Block: Shield            |    80 |    25 ||   105
